 Dungeon Crawl Stone Soup version 0.30-a0-465-g8901f6c8b5 (webtiles) character file.

Game seed: 3676615903860646754

7678 greenreed the Geomancer (level 11, -2/56 HPs)
             Began as a Gargoyle Earth Elementalist on Dec 18, 2022.
             Was a Believer of Vehumet.
             Slain by a death yak (22 damage)
             ... on level 9 of the Dungeon.
             The game lasted 00:23:21 (9786 turns).

greenreed the Geomancer (GrEE)                      Turns: 9786, Time: 00:23:22

Health: -2/56      AC: 13    Str: 13    XL:     11   Next: 19%
Magic:  18/25      EV: 12    Int: 27    God:    Vehumet [**....]
Gold:   677        SH:  0    Dex: 10    Spells: 21/31 levels left

rFire   . . .      SeeInvis .    s - +0 war axe of Tosavoma {vorpal, Contam Int+8}
rCold   . . .      Faith    .    (no shield)
rNeg    + . .      Spirit   .    a - +0 robe
rPois   ∞          Reflect  .    p - +0 helmet
rElec   +          Harm     .    h - +0 cloak
rCorr   .          Rampage  .    v - +0 pair of gloves
Will    .....                    (no boots)
Stlth   ++........               J - amulet of magic regeneration
HPRegen 0.29/turn                H - ring of wizardry
MPRegen 0.59/turn                E - ring of wizardry

@: studying 2 skills
A: sickness immunity, AC +8, negative energy resistance 1, electricity
resistance, torment resistance 1, petrification resistance
a: Renounce Religion


You were on level 9 of the Dungeon.
You worshipped Vehumet.
Vehumet was pleased with you.
You visited 2 branches of the dungeon, and saw 11 of its levels.

You collected 677 gold pieces.

Inventory:

Hand Weapons
 s - the +0 war axe of Tosavoma (weapon) {vorpal, Contam Int+8}
   (You took it off a kobold on level 3 of the Dungeon)

   It inflicts extra damage upon your enemies.
   Int:       It affects your intelligence (+8).
   Contam:    It causes magical contamination when unequipped.
Missiles
 j - 42 poisoned darts
 F - 4 atropa-tipped darts
Armour
 a - a +0 robe (worn)
 h - a +0 cloak (worn)
 p - a +0 helmet (worn)
 v - a +0 pair of gloves (worn)
Jewellery
 g - a +6 ring of dexterity
 C - a ring of protection from fire
 E - a ring of wizardry (right hand)
 G - a +4 ring of protection
 H - a ring of wizardry (left hand)
 J - an amulet of magic regeneration (around neck)
Wands
 o - a wand of flame (24)
 z - a wand of iceblast (21)
 I - a wand of paralysis (10)
Scrolls
 c - 2 scrolls of fog {unknown}
 d - 3 scrolls of enchant armour {unknown}
 e - 3 scrolls of teleportation {unknown}
 k - 7 scrolls of identify {unknown}
 l - a scroll of acquirement {unknown}
 m - a scroll of enchant weapon {unknown}
 r - 2 scrolls of magic mapping {unknown}
 u - 2 scrolls of poison {unknown}
 x - a scroll of silence {unknown}
 y - a scroll of amnesia {unknown}
 B - 2 scrolls of noise {unknown}
 D - a scroll of torment {unknown}
 K - a scroll of blinking {unknown}
Potions
 b - a potion of magic
 f - 2 potions of mutation {unknown}
 i - 2 potions of brilliance
 n - a potion of haste {unknown}
 q - a potion of resistance {unknown}
 t - a potion of heal wounds {unknown}
 w - 4 potions of curing
 A - 2 potions of ambrosia {unknown}


   Skills:
 + Level 1.0 Fighting
 + Level 3.2 Dodging
 + Level 3.3 Stealth
 * Level 10.7 Spellcasting
 * Level 3.9 Conjurations
 + Level 1.3 Transmutations
 * Level 13.6 Earth Magic


You had 21 spell levels left.
You knew the following spells:

 Your Spells              Type           Power      Damage    Failure   Level
a - Sandblast             Erth           100%       2d20      0%          1
b - Passwall              Tmut/Erth      44%        N/A       1%          2
c - Stone Arrow           Conj/Erth      100%       3d13      1%          3
d - Petrify               Tmut/Erth      53%        N/A       1%          4

Your spell library contained the following spells:

 Spells                   Type           Power      Damage    Failure   Level
 Frozen Ramparts          Ice            28%        1d5       3%          3
 Apportation              Tloc           28%        N/A       1%          1
 Necrotise                Necr           56%        1d6       1%          1
 Shock                    Conj/Air       100%       1d9       1%          1
 Summon Small Mammal      Summ           56%        N/A       1%          1
 Blink                    Tloc           28%        N/A       1%          2
 Momentum Strike          Conj/Tloc      50%        3d9       1%          2
 Lesser Beckoning         Tloc           28%        N/A       3%          3
 Swiftness                Air            14%        N/A       3%          3
 Airstrike                Air            7%         2d(1-17)  11%         4
 Metabolic Englaciation   Hex/Ice        7%         N/A       28%         5
 Statue Form              Tmut/Erth      Unusable   N/A       N/A         6

Dungeon Overview and Level Annotations

Branches:
Dungeon (10/15)            Temple (1/1) D:6            Lair (0/5) D:10
    Orc: D:9-12

Altars:
Ashenzari
Cheibriados
Dithmenos
Elyvilon
Gozag
Hepliaklqana
Kikubaaqudgha
Makhleb
Nemelex Xobeh
Okawaru
Qazlal
Ru
Sif Muna
Trog
Uskayaw
Vehumet
Wu Jian
Xom
Yredelemnul
Zin
The Shining One

Shops:
D:4 [

Annotations:
D:3 3 runed translucent doors, experimilk's ghost, amateur DrCj


Innate Abilities, Weirdness & Mutations

You are immune to sickness and miasma.
Your stone body is resilient. (AC +8)
You are immune to poison.
You resist negative energy. (rN+)
You are resistant to electric shocks. (rElec)
You are resistant to unholy torment.
You are immune to petrification.


Message History

Unknown command.
You start resting.
Magic restored.
You start resting.
HP restored.
You climb downwards.
The yak gores you but does no damage.
There is a stone staircase leading up here.
You climb upwards.
There is a stone staircase leading down here.
You climb downwards.
The yak barely misses you.
There is a stone staircase leading up here.
The yak bellows!
The death yak gores you!! The yak barely misses you.
You climb upwards.
There is a stone staircase leading down here.
Casting: Stone Arrow (safe; 1% risk of failure)
Confirm with . or Enter, or press ? or * to list all spells.
Aiming: Stone Arrow (safe; 1% risk of failure)
Press: ? - help, Shift-Dir - straight line, f - death yak
Aim: a death yak (92% to hit)
The stone arrow hits the death yak!
The death yak is lightly wounded.
The yak gores you. The death yak gores you!
Casting: Stone Arrow (safe; 1% risk of failure)
Confirm with . or Enter, or press ? or * to list all spells.
Aiming: Stone Arrow (safe; 1% risk of failure)
Press: ? - help, Shift-Dir - straight line, f/p - death yak
Aim: a death yak (lightly wounded, 92% to hit)
The stone arrow hits the death yak!!
The death yak is heavily wounded.
The yak completely misses you. The death yak gores you!
Casting: Stone Arrow (safe; 1% risk of failure)
Confirm with . or Enter, or press ? or * to list all spells.
Aiming: Stone Arrow (safe; 1% risk of failure)
Press: ? - help, Shift-Dir - straight line, f/p - death yak
Aim: a death yak (heavily wounded, 92% to hit)
The stone arrow hits the death yak!!
The death yak is severely wounded.
The yak closely misses you. The death yak gores you!!
You die...

################# ##
#...............# #.
#...............# #.
#...............# #.
#...............# #.
#...............# #.
#.....†.........# #.
######
##...@..........# #.
#....#
#...YY.........# #.
#....#
#..............# #.
#....#
#..............# #.
#...##
#..............#####.
#...##
##...................
#....#
#...................
##....#
#..................#
.'....#
#..................#


You could see a death yak and a yak.

Vanquished Creatures
  A two-headed ogre (D:8)
  A centaur warrior (D:9)
  2 death yaks (D:9)
  Grinder (D:6)
  A vampire (D:10)
  A shadow (D:9)
  8 yaks
  A steam dragon (D:5)
  Edmund (Temple)
  An acid dragon (D:9)
  3 orc warriors
  2 water moccasins
  A sky beast (D:8)
  An ice beast (D:4)
  A black bear (D:5)
  An ogre (D:5)
  A centaur (D:7)
  3 phantoms (D:5)
  5 kobold brigands
  4 bullfrogs
  A gnoll sergeant (D:6)
  A necrophage (D:6)
  A scorpion (D:6)
  4 wights (D:8)
  7 howler monkeys
  2 centaur zombies (D:5)
  4 hounds
  A jelly (D:8)
  A bullfrog zombie (D:5)
  2 orc priests
  A gnoll bouda (D:6)
  An iguana (D:5)
  9 orc wizards
  A killer bee zombie (D:5)
  2 hound zombies (D:5)
  A mummy (D:6)
  2 howler monkey zombies (D:5)
  14 gnolls
  9 adders
  A shadow imp (D:7)
  An ufetubus (D:3)
  An adder zombie (D:5)
  A worm (D:4)
  2 dart slugs
  28 orcs
  6 ball pythons
  6 bats
  4 endoplasms
  5 giant cockroaches
  7 goblins
  14 hobgoblins
  4 jackals (D:5)
  25 kobolds
  5 quokkas
  5 frilled lizards
  9 rats
228 creatures vanquished.

Vanquished Creatures (others)
  A hound (D:6)
1 creature vanquished.

Grand Total: 229 creatures vanquished

Notes
Turn   | Place    | Note
-------+----------+-------------------------------------------
     0 | D:1      | greenreed the Gargoyle Earth Elementalist began the quest
                  | for the Orb.
     0 | D:1      | Reached XP level 1. HP: 10/10 MP: 3/3
     9 | D:1      | Reached skill level 1 in Transmutations
   171 | D:1      | Reached XP level 2. HP: 15/15 MP: 1/5
   215 | D:1      | Reached skill level 4 in Earth Magic
   392 | D:1      | Reached XP level 3. HP: 19/19 MP: 3/6
   468 | D:1      | Found a faded altar of an unknown god.
  1270 | D:2      | Reached XP level 4. HP: 24/24 MP: 4/8
  1343 | D:2      | Reached skill level 5 in Earth Magic
  2180 | D:3      | Noticed experimilk's ghost (amateur DrCj)
  2209 | D:2      | Reached XP level 5. HP: 28/28 MP: 1/9
  2315 | D:3      | Found a runed translucent gate.
  2315 | D:3      | Found a runed translucent gate.
  2315 | D:3      | Found a runed translucent gate.
  2400 | D:3      | Identified the +0 war axe of Tosavoma {vorpal, Contam
                  | Int+8}
  2461 | D:3      | Found a glowing silver altar of Zin.
  2939 | D:4      | Reached skill level 6 in Earth Magic
  3045 | D:4      | Found an ornate altar of the Wu Jian Council.
  3081 | D:4      | Noticed an ice beast
  3087 | D:4      | Killed an ice beast
  3088 | D:4      | Reached XP level 6. HP: 32/32 MP: 7/12
  3176 | D:4      | Found Hainaf's Armour Shop.
  3306 | D:4      | Found a hazy altar of Hepliaklqana.
  3543 | D:5      | Entered Level 5 of the Dungeon
  3543 | D:5      | Found a shimmering altar of Xom.
  3686 | D:5      | Reached skill level 7 in Earth Magic
  3686 | D:5      | Reached XP level 7. HP: 36/36 MP: 10/14
  3788 | D:5      | Found a shimmering blue altar of Sif Muna.
  3835 | D:5      | Reached skill level 5 in Spellcasting
  4139 | D:5      | Reached skill level 8 in Earth Magic
  4139 | D:5      | Reached XP level 8. HP: 41/41 MP: 13/16
  4449 | D:6      | Found a staircase to the Ecumenical Temple.
  4680 | D:6      | Noticed Grinder
  4684 | D:6      | Killed Grinder
  4685 | D:6      | Reached skill level 9 in Earth Magic
  4701 | Temple   | Entered the Ecumenical Temple
  4847 | Temple   | Became a worshipper of Vehumet
  5319 | D:6      | Noticed Edmund
  5337 | Temple   | Killed Edmund
  5338 | Temple   | Reached XP level 9. HP: 4/46 MP: 10/20
  5495 | Temple   | Learned a level 2 spell: Passwall
  5499 | Temple   | Learned a level 3 spell: Stone Arrow
  5504 | Temple   | Learned a level 4 spell: Petrify
  5668 | D:6      | Reached skill level 10 in Earth Magic
  5933 | D:6      | Found an iron altar of Okawaru.
  6103 | D:6      | Reached * piety under Vehumet
  6103 | D:6      | Offered knowledge of Freeze by Vehumet.
  6268 | D:6      | Found a snail-covered altar of Cheibriados.
  6379 | D:5      | HP: 1/46 [bullfrog (7)]
  6802 | D:7      | Found a broken altar of Ashenzari.
  7478 | D:8      | Reached skill level 11 in Earth Magic
  7604 | D:8      | Offered knowledge of Magic Dart by Vehumet.
  7605 | D:8      | Reached skill level 1 in Conjurations
  7616 | D:8      | Found a hide-covered altar of Uskayaw.
  7667 | D:8      | Reached ** piety under Vehumet
  7695 | D:8      | Noticed a two-headed ogre
  7703 | D:8      | Killed a two-headed ogre
  7704 | D:8      | Reached XP level 10. HP: 27/51 MP: 14/23
  7887 | D:8      | Found an opulent altar of Gozag.
  8150 | D:9      | Reached skill level 12 in Earth Magic
  8353 | D:9      | Noticed a centaur warrior
  8356 | D:9      | Killed a centaur warrior
  8667 | D:9      | Identified the +7 rapier "Ydes" {flame, rElec Int+6 Dex+3}
  8839 | D:10     | Entered Level 10 of the Dungeon
  8867 | D:10     | Reached skill level 10 in Spellcasting
  8884 | D:10     | HP: 2/51 [yak (11)]
  9065 | D:9      | Offered knowledge of Frozen Ramparts by Vehumet.
  9134 | D:10     | Reached skill level 13 in Earth Magic
  9154 | D:10     | Noticed a death yak
  9216 | D:9      | Killed a death yak
  9217 | D:9      | Reached skill level 1 in Fighting
  9217 | D:9      | Reached XP level 11. HP: 7/56 MP: 15/25
  9389 | D:10     | Noticed a death yak
  9612 | D:10     | Found a staircase to the Lair.
  9622 | D:10     | Noticed a death yak
  9673 | D:9      | Killed a death yak
  9786 | D:9      | Slain by a death yak

Illustrated notes

Levels and vault maps discovered:
D:1:      matt_arrival_grand_opening, layout_basic,
          hellmonk_ecumenical_altar_blasted
D:2:      minmay_kobold_bridge, layout_basic
D:3:      layout_basic, nicolae_overflow_crystal_walls, gammafunk_ghost_split
D:4:      layout_rooms, nzn_wu_jian_council_hall,
          nicolae_hepliaklqana_hazy_memory, serial_shops, nicolae_shop_stone,
          kennysheep_generic_room_16
D:5:      layout_loops_cross, brannock_xom_greatest_gift,
          nicolae_sif_muna_condensation, serial_undead, serial_undead_b,
          serial_undead_d, serial_undead_f, serial_undead_d, serial_undead_d,
          minmay_manual_mandibuliform
D:6:      layout_gridville, chei_slow_surprise,
          mainiacjoe_overflow_concentric_impassable,
          minmay_temple_entry_statues_fountains, lemuel_flamethrower_2,
          uniq_grinder, uniq_edmund
D:7:      layout_loops_ring, ashenzari_conservatory_becter,
          nicolae_fountain_basement
D:8:      layout_basic, nicolae_uskayaw_dance_hall, mainiacjoe_overflow_paths
D:9:      layout_gridville
D:10:     layout_long_grid, fedhas_bush_and_centaur_altar, dpeg_lair_monsters
Temple:   minmay_temple_curvy_loop

Skill      XL: |  1  2  3  4  5  6  7  8  9 10 |
---------------+-------------------------------+-----
Transmutations | 1 |  1.3
Earth Magic    | 4 5 6 7 8 9 11 13 | 13.6
Spellcasting   | 3 4 5 7 9 10 | 10.7
Dodging        | 2 3 |  3.2
Conjurations   | 1 3 |  3.9
Stealth        | 3 |  3.3
Fighting       | 1 |  1.0

Action                   |  1- 3 |  4- 6 |  7- 9 | 10-12 || total
-------------------------+-------+-------+-------+-------++-------
Melee: War axe           |       |       |    21 |       ||    21
 Cast: Sandblast         |    48 |    98 |   151 |    79 ||   376
       Stone Arrow       |       |       |    13 |    19 ||    32
       Petrify           |       |       |     5 |     7 ||    12
  Use: Potion            |       |       |     1 |     1 ||     2
Armor: Robe              |     1 |     6 |   101 |    23 ||   131
Dodge: Dodged            |     5 |    12 |   133 |    49 ||   199

Table legend: (Time is in decaauts)
 A = Elapsed time spent in this place.
 B = Non-inter-level travel time spent in this place.
 C = Inter-level travel time spent in this place.
 D = Time resting spent in this place.
 E = Time spent auto-exploring this place.
 F = Levels seen in this place.
 G = Mean time per level.
                   A        B        C        D        E       F      G
               +--------+--------+--------+--------+--------+-----+--------+
         Total |   9997 |   9569 |    428 |   1346 |   6672 |  11 |  908.8 |
       Dungeon |   9199 |   8797 |    402 |    930 |   6430 |  10 |  919.9 |
        Temple |    798 |    772 |     26 |    416 |    242 |   1 |  798.0 |
               +--------+--------+--------+--------+--------+-----+--------+

Top non-repeatable levels by time:
     D:9: 1359 daAuts
     D:1: 1208 daAuts
     D:5: 1180 daAuts
     D:6: 1044 daAuts
     D:2: 1023 daAuts
     D:7: 864 daAuts
  Temple: 798 daAuts
     D:3: 759 daAuts
     D:4: 746 daAuts
     D:8: 660 daAuts
    D:10: 352 daAuts
